 Dungeon Crawl Stone Soup version 0.21.1-1-g345015f (webtiles) character file.

3 shakethe the Grave Robber (level 1, 0/13 HPs)
             Began as a Gnoll Necromancer on Feb 10, 2018.
             Slain by a jackal (3 damage)
             ... on level 1 of the Dungeon.
             The game lasted 00:00:54 (49 turns).

shakethe the Grave Robber (Gnoll Necromancer)         Turns: 49, Time: 00:00:55

Health: 0/13       AC:  2    Str: 10    XL:     1   Next: 50%
Magic:  1/6        EV: 14    Int: 17    God:
Gold:   6          SH:  0    Dex: 15    Spells: 8/9 levels left

rFire    . . .     SeeInvis .   (no weapon)
rCold    . . .     Gourm    .   (no shield)
rNeg     . . .     Faith    .   a - +0 robe
rPois    .         Spirit   .   (no helmet)
rElec    .         Reflect  .   (no cloak)
rCorr    .         Harm     .   (no gloves)
MR       .....                  (no boots)
Stlth    +++.......             (no amulet)
HPRegen  0.04/turn              (no ring)
MPRegen  0.10/turn              (no ring)

@: no status effects
A: distributed training, fangs 1, strong nose
a: no special abilities


You were on level 1 of the Dungeon.
You were not hungry.

You visited 1 branch of the dungeon, and saw 1 of its levels.

You collected 6 gold pieces.

Inventory:

Missiles
 d - 8 tomahawks (quivered)
Armour
 a - a +0 robe (worn)
Books
 b - a book of Necromancy
Comestibles
 c - a ration


   Skills:
 + Level 0.0 Fighting
 + Level 0.0 Short Blades
 + Level 0.0 Long Blades
 + Level 0.0 Axes
 + Level 0.0 Maces & Flails
 + Level 0.0 Polearms
 + Level 0.0 Staves
 + Level 0.0 Slings
 + Level 0.0 Bows
 + Level 0.0 Crossbows
 + Level 0.0 Throwing
 + Level 0.0 Armour
 + Level 4.4 Dodging
 + Level 4.0 Stealth
 + Level 0.0 Shields
 + Level 0.0 Unarmed Combat
 + Level 4.8 Spellcasting
 + Level 0.0 Conjurations
 + Level 0.0 Hexes
 + Level 0.0 Charms
 + Level 0.0 Summonings
 + Level 7.0 Necromancy
 + Level 0.0 Translocations
 + Level 0.0 Transmutations
 + Level 0.0 Fire Magic
 + Level 0.0 Ice Magic
 + Level 0.0 Air Magic
 + Level 0.0 Earth Magic
 + Level 0.0 Poison Magic
 + Level 0.1 Invocations
 + Level 0.0 Evocations


You had 8 spell levels left.
You knew the following spells:

 Your Spells              Type           Power        Failure   Level  Hunger
a - Pain                  Necr           ####         1%          1    None


Dungeon Overview and Level Annotations

Branches:
Dungeon (1/15)

Altars:


Innate Abilities, Weirdness & Mutations

Your experience applies equally to all skills.
You have very sharp teeth.
Your uncanny sense of smell can sniff out nearby items.


Message History

Welcome, shakethe the Gnoll Necromancer.
Will you be the one to retrieve the fabulous Orb of Zot from the depths?
Found a ring mail and 6 gold pieces.
Found a staircase leading out of the dungeon.
You aren't carrying any potions.
You don't know that spell.
You can't see any susceptible monsters within range! (Use Z to cast anyway.)
There is a staircase leading out of the dungeon here.
You now have 6 gold pieces.
A rat comes into view.
Okay, then.
You see here 8 tomahawks.
d - 8 tomahawks
Aim: a rat (chance to defeat MR: 93%)
The rat barely resists.
You take 1 damage, and have 12/13 hp.
You now have 5/6 mp.
Aim: a rat (chance to defeat MR: 93%)
The rat writhes in agony!
You kill the rat!
You take 1 damage, and have 11/13 hp.
You now have 4/6 mp.
A bat and a jackal come into view.
There are monsters nearby!
A jackal comes into view.
Aim: a bat (chance to defeat MR: 93%)
The bat writhes in agony!
The jackal barks!
The bat completely misses you.
A jackal comes into view.
You now have 4/6 mp.
Aim: a bat (heavily wounded, chance to defeat MR: 93%)
The bat writhes in agony!
You kill the bat!
The jackal barks!
A jackal comes into view.
You take 1 damage, and have 10/13 hp.
You now have 3/6 mp.
Aim: a jackal (chance to defeat MR: 93%)
The jackal writhes in agony!
You kill the jackal!
You take 1 damage, and have 9/13 hp.
You now have 2/6 mp.
Aim: a jackal (chance to defeat MR: 93%)
The jackal writhes in agony!
You take 1 damage, and have 8/13 hp.
You now have 1/6 mp.
Aim: a jackal (moderately wounded, chance to defeat MR: 93%)
The jackal writhes in agony!
The jackal barely misses you.
You take 1 damage, and have 7/13 hp.
You now have 0/6 mp.
The jackal bites you but does no damage.
Aim: a jackal (heavily wounded, chance to defeat MR: 93%)
The jackal barely resists.
The jackal closely misses you. x2
You take 1 damage, and have 6/13 hp.
You now have 0/6 mp.
The jackal misses you.
You don't have enough magic to cast that spell.
The jackal closely misses you. The jackal bites you.
You take 1 damage, and have 5/13 hp.
The jackal closely misses you. The jackal closely misses you.
The jackal misses you. The jackal closely misses you. The jackal bites you.
* * * LOW HITPOINT WARNING * * *
You take 3 damage, and have 2/13 hp.
MASSIVE DAMAGE!!
The jackal closely misses you. The jackal misses you.
The jackal closely misses you. The jackal closely misses you.
The jackal bites you.
You die...

#.... ############....
##...............
##................
######.......≈.......##
............≈≈≈........
##.......≈≈≈≈≈.......
####.?.hh..≈.....≈......
.......@h.≈≈≈...≈≈≈.....
####.....≈≈≈≈≈.≈≈≈≈≈....
#.....≈...........≈...
#.....≈≈≈....<....≈≈≈.(
#.(..≈≈≈≈≈.......≈≈≈≈≈.
#...≈.....≈....[≈.....≈
#..≈≈≈...≈≈≈...≈≈≈...≈≈
#.≈≈≈≈≈.≈≈≈≈≈.≈≈≈≈≈.≈≈≈
...............


You could see 3 jackals.

Vanquished Creatures
  A bat (D:1)
  A jackal (D:1)
  A rat (D:1)
3 creatures vanquished.

Notes
Turn   | Place    | Note
-------+----------+-------------------------------------------
     0 | D:1      | shakethe the Gnoll Necromancer began the quest for the Orb.
     0 | D:1      | Reached XP level 1. HP: 13/13 MP: 6/6
    44 | D:1      | HP: 2/13 [jackal (3)]
    49 | D:1      | Slain by a jackal

Action                   || total
-------------------------++-------
 Cast: Pain              ||     8
Armor: Robe              ||     1
Dodge: Dodged            ||    14

Vault maps used:
D:1:      onia_arrival_pyramid

Table legend:
 A = Turns spent in this place as a percentage of turns spent in the entire game.
 B = Non-inter-level travel turns spent in this place as a percentage of non-inter-level travel turns spent in the entire game.
 C = Inter-level travel turns spent in this place as a percentage of turns spent in this place.
 D = Turns resting spent in this place as a percentage of non-inter-level travel turns spent in this place.
 E = Turns spent auto-exploring this place as a percentage of non-inter-level travel turns spent in this place.
 F = Non-inter-level travel turns spent in this place divided by the number of levels of this place that you've seen.
                   A       B       C       D       E      F
               +-------+-------+-------+-------+-------+----------------------
         Total | 100.0 | 100.0 |   0.0 |   0.0 |  28.6 |  49.0
       Dungeon | 100.0 | 100.0 |   0.0 |   0.0 |  28.6 |  49.0
               +-------+-------+-------+-------+-------+----------------------

Table legend:
 A = Kills in this place as a percentage of kills in entire the game.
 B = Kills by you in this place as a percentage of kills by you in the entire game.
 C = Kills by friends in this place as a percentage of kills by friends in the entire game.
 D = Other kills in this place as a percentage of other kills in the entire game.
 E = Experience gained in this place as a percentage of experience gained in the entire game.
 F = Experience gained in this place divided by the number of levels of this place that you have seen.
                   A       B       C       D       E      F
               +-------+-------+-------+-------+-------+----------------------
         Total | 100.0 | 100.0 |   N/A |   N/A | 100.0 |   5.0
       Dungeon | 100.0 | 100.0 |   N/A |   N/A | 100.0 |   5.0
               +-------+-------+-------+-------+-------+----------------------
